 Dungeon Crawl Stone Soup version 0.23-a0-370-gf497b7c (webtiles) character file.

15413 lemonriz the Fighter (level 12, -7/106 HPs)
             Began as a Purple Draconian Transmuter on Oct 24, 2018.
             Was the Champion of Cheibriados.
             Mangled by a spiny frog (17 damage)
             ... on level 2 of the Lair of Beasts.
             The game lasted 00:30:26 (13995 turns).

lemonriz the Fighter (Purple Draconian Transmuter) Turns: 13995, Time: 00:30:27

Health: -7/106     AC:  2    Str: 28    XL:     12   Next: 1%
Magic:  20/20      EV: 32    Int: 33    God:    Cheibriados [******]
Gold:   437        SH:  0    Dex: 32    Spells: 8/22 levels left

rFire    . . .     SeeInvis .     - Unarmed
rCold    . . .     Gourm    .   (shield currently unavailable)
rNeg     . . .     Faith    .   (armour unavailable)
rPois    .         Spirit   .   (helmet currently unavailable)
rElec    .         Reflect  .   (cloak currently unavailable)
rCorr    .         Harm     .   (gloves currently unavailable)
MR       +....                  (boots currently unavailable)
Stlth    ++........             J - amulet of magic regeneration
HPRegen  0.27/turn              G - ring of wizardry
MPRegen  0.42/turn              D - ring of poison resistance

@: spider-form, very slow
A: tiny, (breathe power), unfitting armour, AC +8
a: End Transformation, Bend Time, Temporal Distortion, Slouch, Step From Time,
Renounce Religion


You were on level 2 of the Lair of Beasts.
You worshipped Cheibriados.
Cheibriados was exalted by your worship.
You were not hungry.
You were a venomous arachnid creature.
You visited 3 branches of the dungeon, and saw 13 of its levels.
You also visited: Sewer.

You collected 791 gold pieces.
You spent 354 gold pieces at shops.

Inventory:

Missiles
 a - 196 arrows
Armour
 j - a +2 pair of gloves (melded)
 r - a +0 cloak (melded)
Magical Staves
 u - an uncursed staff of wizardry
Jewellery
 A - a +2 ring of dexterity
 D - a ring of poison resistance (right front leg)
 G - a ring of wizardry (left front leg)
 J - an amulet of magic regeneration (around neck)
 K - an uncursed ring of protection from cold
 M - an uncursed ring of ice
 O - a +2 ring of strength
Wands
 p - a wand of paralysis (16)
 C - a wand of iceblast (8)
 E - a wand of flame (20)
 F - a wand of acid (28)
 N - a wand of enslavement (15)
Scrolls
 f - a scroll of enchant weapon
 g - 11 scrolls of remove curse
 i - 5 scrolls of teleportation
 k - 4 scrolls of fog
 n - 3 scrolls of immolation
 v - a scroll of blinking
 w - a scroll of magic mapping
 x - 4 scrolls of enchant armour
 y - 2 scrolls of fear
 B - a scroll of amnesia
Potions
 b - 3 potions of invisibility
 d - a potion of heal wounds
 e - a potion of ambrosia {unknown}
 h - 3 potions of curing
 l - a potion of magic
 m - a potion of agility
 o - 2 potions of brilliance
 s - a potion of lignification
 t - 4 potions of flight
 z - a potion of mutation {unknown}
 H - a potion of cancellation {unknown}
 I - a potion of resistance {unknown}
Miscellaneous
 q - a sack of spiders
Comestibles
 c - 20 rations


   Skills:
 + Level 10.1 Fighting
 + Level 8.0 Dodging
 + Level 9.8 Unarmed Combat
 + Level 5.5 Spellcasting
 - Level 10.0 Transmutations
 - Level 3.2 Ice Magic
 - Level 3.0 Invocations
 - Level 3.1 Evocations


You had 8 spell levels left.
You knew the following spells:

 Your Spells              Type           Power        Failure   Level  Hunger
a - Blade Hands           Tmut           ######....   3%          5    #####..
b - Sticks to Snakes      Tmut           ######..     1%          2    None
c - Spider Form           Tmut/Pois      #####.....   3%          3    None
d - Ice Form              Ice/Tmut       ######..     4%          4    ###....

Your spell library contained the following spells:

 Spells                   Type           Power        Failure   Level  Hunger
 Beastly Appendage        Tmut           ######       1%          1    None
 Confusing Touch          Hex            #.....       6%          1    None
 Magic Dart               Conj           #...         6%          1    None
 Petrify                  Tmut/Erth      #####...     7%          4    ###....
 Blink                    Tloc           N/A          8%          2    None
 Call Imp                 Summ           #.......     8%          2    None
 Slow                     Hex            #.......     8%          2    None
 Confuse                  Hex            #.......     13%         3    None
 Conjure Flame            Conj/Fire      #.......     13%         3    None
 Gell's Gravitas          Tloc           #.........   13%         3    None
 Mephitic Cloud           Conj/Pois/Air  #.......     13%         3    None
 Yara's Violent Unravell  Hex/Tmut       #####.....   14%         5    #####..
 Metabolic Englaciation   Hex/Ice        ###.......   41%         5    #####..


Dungeon Overview and Level Annotations

Branches:
Dungeon (10/15)            Temple (1/1) D:6            Lair (2/6) D:10
  Swamp: Lair:2-4    Shoals: Lair:2-4     Snake: Lair:2-4    Spider: Lair:2-4
    Orc: D:9-12

Altars:
Ashenzari
Cheibriados
Dithmenos
Elyvilon
Fedhas
Gozag
Hepliaklqana
Kikubaaqudgha
Makhleb
Nemelex Xobeh
Okawaru
Qazlal
Ru
Sif Muna
Trog
Uskayaw
Vehumet
Wu Jian
Xom
Yredelemnul
Zin
The Shining One

Shops:
D:4 (   D:5 ?=*?   D:10 =

Annotations:
D:3 4 runed doors, Gildeon's ghost, amateur DECj


Innate Abilities, Weirdness & Mutations

((You can breathe bolts of dispelling energy.))
((Your rich purple scales are hard. (AC +8)))
You cannot fit into any form of body armour.
((You are cold-blooded and may be slowed by cold attacks.))


Message History

Cheibriados thoroughly appreciates the change of pace.
You see here a blink frog corpse.
As you read the scroll of teleportation, it crumbles to dust.
You feel strangely unstable.
The blink frog blinks!
The blink frog hits you.
* * * LOW HITPOINT WARNING * * *
The blink frog blinks!
Your surroundings suddenly seem different.
Cheibriados appreciates the change of pace.
You have reached level 12!
Your experience leads to an increase in your attributes!
Your base attributes are Str 12, Int 17, Dex 12.
Increase (S)trength, (I)ntelligence, or (D)exterity?
You feel clever.
You feel stronger.
Your scales feel tougher.
You feel a bit more experienced.
A spiny frog comes into view.
The helpless spiny frog fails to defend itself.
You bite the spiny frog!
The spiny frog is poisoned.
The spiny frog is lightly wounded.
The spiny frog stings you!
You die...

#........###
##..........#
#...........#
##..........#
#...........##
#............#
#......F.....#
#....s.....#
###.####.###
##


You could see a spiny frog.

Vanquished Creatures
  Josephine (D:10)
  Harold (D:7)
  Fannar (Lair:1)
  A two-headed ogre (D:8)
  Erica (D:9)
  4 spiny frogs
  4 komodo dragons
  2 rime drakes (Lair:1)
  A troll (D:9)
  A hornet (Lair:2)
  3 blink frogs (Lair:2)
  A hippogriff (Lair:1)
  Sigmund (D:4)
  7 yaks
  A steam dragon (D:10)
  4 wraiths (D:10)
  5 water moccasins
  3 porcupines
  A sky beast (D:7)
  3 black bears
  5 orc warriors
  A centaur (D:9)
  An ice beast (D:6)
  2 phantoms
  7 ogres
  A crocodile (D:7)
  2 big kobolds (Sewer)
  11 bullfrogs
  A wyvern zombie (D:5)
  23 killer bees
  3 scorpions
  4 wights (D:6)
  A howler monkey (D:6)
  5 crimson imps
  3 centaur zombies
  5 hounds
  4 jellies
  3 orc priests
  5 orc wizards
  Jessica (D:2)
  6 centaur skeletons
  Ijyb (D:3)
  4 worker ants
  2 worker ant zombies (D:9)
  9 gnolls
  10 adders
  12 oozes
  An adder zombie (D:7)
  An adder skeleton (D:9)
  3 dart slugs
  7 leopard geckos
  32 orcs
  14 bats
  6 giant cockroaches
  6 goblins
  7 hobgoblins
  8 jackals
  19 kobolds
  2 quokkas
  3 ball pythons
  A frilled lizard (D:1)
  A quokka skeleton (D:9)
  10 rats
299 creatures vanquished.

Vanquished Creatures (collateral kills)
  A porcupine (Lair:1)
  A big kobold (Sewer)
  A bullfrog (Lair:1)
  An ooze (Sewer)
  A ball python (Sewer)
  6 kobolds (Sewer)
  A rat (Sewer)
12 creatures vanquished.

Vanquished Creatures (others)
  5 plants (D:10)
  10 toadstools (D:4)
15 creatures vanquished.

Grand Total: 326 creatures vanquished

Notes
Turn   | Place    | Note
-------+----------+-------------------------------------------
     0 | D:1      | lemonriz the Draconian Transmuter began the quest for the
                  | Orb.
     0 | D:1      | Reached XP level 1. HP: 16/16 MP: 3/3
    70 | D:1      | Reached XP level 2. HP: 23/23 MP: 5/5
    77 | D:1      | Learned a level 2 spell: Sticks to Snakes
   461 | D:1      | Reached XP level 3. HP: 19/29 MP: 6/6
  1167 | D:2      | Learned a level 3 spell: Spider Form
  1354 | D:2      | Found an ornate altar of the Wu Jian Council.
  1564 | D:2      | Reached XP level 4. HP: 28/36 MP: 4/7
  1955 | D:2      | Noticed Jessica
  1962 | D:2      | Killed Jessica
  2181 | D:3      | Found a glowing silver altar of Zin.
  2181 | D:3      | Noticed an angel
  2182 | D:3      | Found a runed door.
  2635 | D:3      | Found a runed gate.
  2635 | D:3      | Found a runed gate.
  2635 | D:3      | Found a runed gate.
  2638 | D:3      | Noticed a big kobold
  2641 | D:3      | Noticed Gildeon's ghost (amateur DECj)
  2641 | D:3      | Noticed a big kobold
  2669 | D:3      | Reached XP level 5. HP: 44/44 MP: 8/8
  2770 | D:3      | Noticed Ijyb
  2781 | D:3      | Killed Ijyb
  2960 | D:4      | Noticed Sigmund
  2975 | D:4      | Killed Sigmund
  2975 | D:4      | Reached XP level 6. HP: 41/51 MP: 6/9
  3041 | D:4      | Reached skill level 5 in Transmutations
  3508 | D:4      | Your scales start taking on a rich purple colour.
  3508 | D:4      | Reached XP level 7. HP: 33/59 MP: 10/10
  3736 | D:3      | Found a bloodstained altar of Trog.
  3954 | D:3      | Reached skill level 5 in Unarmed Combat
  4054 | D:4      | Found Coethos's Antique Weapon Shop.
  4234 | D:4      | Learned a level 4 spell: Ice Form
  4292 | D:5      | Entered Level 5 of the Dungeon
  4318 | D:5      | Found Ligh's Magic Scroll Boutique.
  4337 | D:5      | Bought a scroll of enchant armour for 82 gold pieces
  4337 | D:5      | Bought a scroll of identify for 22 gold pieces
  4337 | D:5      | Bought a scroll of blinking for 82 gold pieces
  4385 | D:5      | Found Woideofa's Jewellery Boutique.
  4602 | D:5      | Reached XP level 8. HP: 15/67 MP: 7/11
  4888 | D:5      | Reached skill level 5 in Fighting
  4923 | D:5      | Found Plog's Assorted Antiques.
  5331 | D:5      | Found Pag Asot's Magic Scroll Shoppe.
  5335 | D:5      | Bought a scroll of teleportation for 33 gold pieces
  5335 | D:5      | Bought a scroll of magic mapping for 38 gold pieces
  5456 | D:6      | Found a staircase to the Ecumenical Temple.
  5497 | Temple   | Entered the Ecumenical Temple
  5898 | Temple   | Became a worshipper of Cheibriados the Contemplative
  5977 | D:6      | Found a glowing drain.
  5999 | Sewer    | Entered a sewer
  6268 | Sewer    | Reached * piety under Cheibriados
  6595 | D:6      | Reached ** piety under Cheibriados
  6632 | D:6      | Reached XP level 9. HP: 50/75 MP: 13/13
  7282 | D:6      | Learned a level 5 spell: Blade Hands
  7650 | D:6      | Reached *** piety under Cheibriados
  7932 | D:7      | Noticed Harold
  7957 | D:7      | Killed Harold
  7957 | D:7      | Reached skill level 5 in Dodging
  8382 | D:7      | Reached XP level 10. HP: 74/86 MP: 17/17
  8792 | D:8      | Reached **** piety under Cheibriados
  8809 | D:8      | Reached skill level 1 in Invocations
  8916 | D:8      | Reached skill level 5 in Spellcasting
  9171 | D:8      | Noticed a two-headed ogre
  9181 | D:8      | Killed a two-headed ogre
  9181 | D:8      | Reached skill level 10 in Transmutations
  9696 | D:9      | Noticed Erica
 10152 | D:9      | Killed Erica
 10152 | D:9      | Reached skill level 1 in Ice Magic
 10256 | D:9      | Reached ***** piety under Cheibriados
 10845 | D:10     | Entered Level 10 of the Dungeon
 10953 | D:10     | Found a staircase to the Lair.
 11118 | D:10     | Reached XP level 11. HP: 37/95 MP: 18/18
 11363 | D:10     | Noticed Josephine
 11376 | D:10     | Killed Josephine
 11376 | D:10     | Reached skill level 1 in Evocations
 11410 | D:10     | Found Xacumo Sami's Jewellery Emporium.
 11413 | D:10     | Bought a cursed ring of teleportation for 67 gold pieces
 11413 | D:10     | Bought a cursed -3 ring of evasion for 30 gold pieces
 11823 | Lair:1   | Entered Level 1 of the Lair of Beasts
 11886 | Lair:1   | Noticed Fannar
 11899 | Lair:1   | Killed Fannar
 12766 | Lair:1   | Reached ****** piety under Cheibriados
 13831 | Lair:2   | Reached skill level 10 in Fighting
 13993 | Lair:2   | Reached XP level 12. HP: 10/106 MP: 20/20
 13995 | Lair:2   | Mangled by a spiny frog

Vault maps used:
D:1:      lightli_arrival_flooded_house, minmay_pentomino_o2
D:2:      nicolae_overflow_hidden_temple, hangedman_decor_push,
          chequers_serial_rivers_marsh, kennysheep_jessica_study
D:3:      lemuel_upstairs_altar, gammafunk_ghost_nasty_kobolds, first_ration,
          lemuel_angel_altar, uniq_ijyb
D:4:      cheibrodos_fertilizer, serial_shops, kennysheep_mini_moat,
          uniq_sigmund
D:5:      serial_shops, shop, shop, nicolae_shop_crystal, shop,
          chequers_arboretum, st_stairs_12
D:6:      minmay_temple_entry_junction_2, portal_sewer_entry_d,
          kennysheep_path_1
D:7:      grunt_ministairs_2, uniq_harold
D:9:      uniq_erica
D:10:     david_lair_shrubbed, serial_shops, kennysheep_mini, uniq_josephine
Temple:   nicolae_temple_the_god_donut
Lair:1:   portal_ice_cave_rime, nicolae_volcano_entry_s_turn, uniq_fannar
Lair:2:   grunt_megastairs_5
Sewer:    kennysheep_pipe_town

Skill      XL: |  1  2  3  4  5  6  7  8  9 10 11 |
---------------+----------------------------------+-----
Transmutations | 3 4 5 6 7 9 10 | 10.0
Fighting       | 2 3 4 5 7 8 10 | 10.1
Unarmed Combat | 4 5 6 7 8 9 |  9.8
Dodging        | 2 3 4 5 6 8 |  8.0
Spellcasting   | 4 5 |  5.5
Invocations    | 3 |  3.0
Ice Magic      | 2 3 |  3.2
Evocations     | 3 |  3.1

Action                   |  1- 3 |  4- 6 |  7- 9 | 10-12 || total
-------------------------+-------+-------+-------+-------++-------
Melee: Unarmed           |   173 |   137 |   450 |   438 ||  1198
       Tailslap          |    14 |    14 |    61 |    52 ||   141
       Punch             |     1 |     3 |     9 |    15 ||    28
       Kick              |     1 |     2 |       |       ||     3
       Headbutt          |     1 |       |       |       ||     1
       Staff             |       |       |     8 |       ||     8
 Cast: Beastly Appendage |     3 |     1 |     1 |       ||     5
       Spider Form       |     1 |     5 |    18 |    19 ||    43
       Sticks to Snakes  |       |       |    12 |     6 ||    18
       Blade Hands       |       |       |     2 |     3 ||     5
       Ice Form          |       |       |       |     1 ||     1
 Abil: Breathe Dispellin |       |       |     6 |       ||     6
  Use: Scroll            |       |       |    17 |     9 ||    26
       Potion            |       |       |     5 |     3 ||     8
 Stab: Distracted        |       |       |     1 |     1 ||     2
       Sleeping          |       |       |       |     6 ||     6
  Eat: Chunk             |     2 |     6 |     5 |     5 ||    18
       Ration            |       |       |     4 |     2 ||     6
Armor: Skin              |    61 |    28 |   107 |    65 ||   261
Dodge: Dodged            |   152 |    77 |   478 |   507 ||  1214

Table legend:
 A = Non-vault XP
 B = Vault XP
 C = Vault XP percentage of total XP
 D = Non-vault monster count
 E = Vault monster count
 F = Vault count percentage of total count
                 A         B        C        D         E       F
            +---------+---------+-------+---------+---------+-------
      Total |   15150 |    6869 |  31.2 |     252 |      59 |  19.0
            +---------+---------+-------+---------+---------+-------
        D:1 |      42 |       1 |   2.3 |      22 |       1 |   4.3
        D:2 |      84 |      39 |  31.7 |      26 |       2 |   7.1
        D:3 |     290 |      36 |  11.0 |      18 |       1 |   5.3
        D:4 |     298 |     370 |  55.4 |       8 |      17 |  68.0
        D:5 |     667 |       0 |   0.0 |      14 |       0 |   0.0
        D:6 |    1965 |      13 |   0.7 |      49 |       1 |   2.0
        D:7 |     773 |    1106 |  58.9 |      19 |       2 |   9.5
        D:8 |    2008 |       0 |   0.0 |      25 |       0 |   0.0
        D:9 |    1516 |     912 |  37.6 |      24 |       1 |   4.0
       D:10 |     875 |    2287 |  72.3 |      16 |       6 |  27.3
     Lair:1 |    4030 |    1469 |  26.7 |      20 |       3 |  13.0
     Lair:2 |    2602 |     382 |  12.8 |      11 |       1 |   8.3
      Sewer |       0 |     254 | 100.0 |       0 |      24 | 100.0
            +---------+---------+-------+---------+---------+-------
